 Dungeon Crawl Stone Soup version 0.28-a0-1404-g4df0f3684d (webtiles) character file.

Game seed: 922731312489662545

63 HallandMoats the Skirmisher (level 3, -2/36 HPs)
             Began as a Troll Fighter on Jan 5, 2022.
             Was a Follower of Vehumet.
             Slain by a worm (7 damage)
             ... on level 3 of the Dungeon.
             The game lasted 00:02:04 (1631 turns).

HallandMoats the Skirmisher (Troll Fighter)         Turns: 1631, Time: 00:02:05

Health: -2/36      AC:  4    Str: 24    XL:     3   Next: 87%
Magic:  3/3        EV:  9    Int:  4    God:    Vehumet [*.....]
Gold:   136        SH:  7    Dex: 11    Spells: 2/2 levels left

rFire   . . .      SeeInvis .     - Unarmed
rCold   . . .      Faith    .   b - +0 kite shield
rNeg    . . .      Spirit   .   a - +0 robe
rPois   .          Reflect  .   (helmet restricted)
rElec   .          Harm     .   (no cloak)
rCorr   .          Rampage  .   (gloves unavailable)
Will    .....                   (boots unavailable)
Stlth   +.........              (no amulet)
HPRegen 0.92/turn               (no ring)
MPRegen 0.08/turn               (no ring)

@: no status effects
A: large, unfitting armour, claws 3, regeneration 1, shaggy fur 1, tough skin 1
a: Renounce Religion


You were on level 3 of the Dungeon.
You worshipped Vehumet.
Vehumet was aware of your devotion.
You visited 1 branch of the dungeon, and saw 3 of its levels.

You collected 136 gold pieces.

Inventory:

Armour
 a - a +0 robe (worn)
 b - a +0 kite shield (worn)
Jewellery
 h - an amulet of reflection
Scrolls
 e - a scroll of enchant armour {unknown}
 f - 4 scrolls of magic mapping {unknown}
 i - a scroll of identify {unknown}
Potions
 c - 2 potions of might
 d - a potion of lignification {unknown}
 g - a potion of flight {unknown}
 j - a potion of curing {unknown}


   Skills:
 + Level 2.6 Fighting
 * Level 1.1 Throwing
 + Level 0.6 Armour
 + Level 2.6 Dodging
 + Level 2.6 Shields
 + Level 2.3 Unarmed Combat
 * Level 1.3 Invocations


You had 2 spell levels left.
You didn't know any spells.
Your spell library was empty.

Dungeon Overview and Level Annotations

Branches:
Dungeon (3/15)

Altars:
Vehumet

Shops:
D:1 !


Innate Abilities, Weirdness & Mutations

You are too large for most types of armour.
You have claws for hands.
Your natural rate of healing is unusually fast.
You are covered in fur. (AC +1)
You have tough skin. (AC +1)


Message History

The worm barely misses you. The worm bites you but does no damage.
You block the worm's attack. You block the worm's attack.
The worm barely misses you. You block the worm's attack. The worm bites you.
The worm bites you. The worm barely misses you. The worm bites you.
The worm bites you. The worm bites you! The worm bites you!
The worm bites you but does no damage. The worm closely misses you.
The worm barely misses you. The worm bites you but does no damage.
The worm bites you! The worm closely misses you. The worm barely misses you.
The worm bites you. The worm bites you. The worm bites you!
* * * LOW HITPOINT WARNING * * *
The worm barely misses you. You block the worm's attack.
You block the worm's attack. The worm bites you. The worm closely misses you.
The worm bites you but does no damage. The worm bites you!
* * * LOW HITPOINT WARNING * * *
The worm barely misses you. The worm bites you.
* * * LOW HITPOINT WARNING * * *
The worm barely misses you. The worm bites you!
* * * LOW HITPOINT WARNING * * *
The worm bites you!
You die...

##########
#........#
#.######@#
####.#
#...w.....#
##.##.#
#####.#####
#####...#.#
.#
......⌠...#
#
#####...#.#
##.##.#
#.##.#
#.##[#


You could see a worm.

Vanquished Creatures
  An adder (D:2)
  2 worms (D:2)
  3 dart slugs
  4 ball pythons (D:1)
  3 bats (D:1)
  6 endoplasms
  3 giant cockroaches (D:1)
  4 goblins (D:1)
  4 hobgoblins
  5 kobolds
  3 rats
38 creatures vanquished.

Notes
Turn   | Place    | Note
-------+----------+-------------------------------------------
     0 | D:1      | HallandMoats the Troll Fighter began the quest for the Orb.
     0 | D:1      | Reached XP level 1. HP: 22/22 MP: 0/0
    92 | D:1      | Found Tyqiogiov's Distillery.
    95 | D:1      | Reached XP level 2. HP: 29/29 MP: 1/1
   604 | D:1      | Reached skill level 1 in Invocations
   604 | D:1      | Reached XP level 3. HP: 36/36 MP: 2/2
   810 | D:2      | Reached skill level 1 in Throwing
  1309 | D:2      | Found a faded altar of an unknown god.
  1334 | D:2      | Prayed at the altar of an unknown god.
  1334 | D:2      | Became a worshipper of Vehumet
  1334 | D:2      | Reached * piety under Vehumet
  1334 | D:2      | Offered knowledge of Freeze by Vehumet.
  1631 | D:3      | Slain by a worm

Illustrated notes

Levels and vault maps discovered:
D:1:      lemuel_arrival_muddy, layout_basic, serial_shops, nicolae_shop_trees
D:2:      layout_basic, hellmonk_ecumenical_altar_prayer_group
D:3:      layout_basic, mainiacjoe_overflow_24_doors, minmay_misc_feat_tower

Skill      XL: |  1  2  3 |
---------------+----------+-----
Invocations    | 1 |  1.3
Throwing       | 1 |  1.1
Fighting       | |  2.6
Armour         | |  0.6
Dodging        | |  2.6
Shields        | |  2.6
Unarmed Combat | |  2.3

Action                   || total
-------------------------++-------
Melee: Unarmed           ||    83
Armor: Robe              ||    25
Dodge: Dodged            ||    53
Block: Kite shield       ||    51

Table legend: (Time is in decaauts)
 A = Elapsed time spent in this place.
 B = Non-inter-level travel time spent in this place.
 C = Inter-level travel time spent in this place.
 D = Time resting spent in this place.
 E = Time spent auto-exploring this place.
 F = Levels seen in this place.
 G = Mean time per level.
                   A        B        C        D        E       F      G
               +--------+--------+--------+--------+--------+-----+--------+
         Total |   1638 |   1557 |     81 |      0 |   1122 |   3 |  546.0 |
       Dungeon |   1638 |   1557 |     81 |      0 |   1122 |   3 |  546.0 |
               +--------+--------+--------+--------+--------+-----+--------+

Top non-repeatable levels by time:
     D:2: 758 daAuts
     D:1: 650 daAuts
     D:3: 228 daAuts
